 Dungeon Crawl Stone Soup version 0.29.0-11-gd7f09526c8 (webtiles) character file.

Game seed: 9038056697020681942

296 keekatzer the Covered (level 6, -2/49 HPs)
             Began as a Formicid Abyssal Knight on Sept 5, 2022.
             Was an Elder of Lugonu.
             Killed by divine providence
             ... invoked by an orc priest
              (10 damage)
             ... on level 4 of the Dungeon.
             The game lasted 00:15:27 (2735 turns).

keekatzer the Covered (Formicid Abyssal Knight)     Turns: 2735, Time: 00:15:27

Health: -2/49      AC: 11    Str: 17    XL:     6   Next: 62%
Magic:  0/8        EV:  7    Int: 10    God:    Lugonu [****..]
Gold:   103        SH:  0    Dex: 16    Spells: 5/5 levels left

rFire   . . .      SeeInvis +   a - +1 spear
rCold   . . .      Faith    .   (no shield)
rNeg    . . .      Spirit   +   s - +0 chain mail
rPois   .          Reflect  .   (helmet unavailable)
rElec   .          Harm     .   o - +0 cloak
rCorr   .          Rampage  .   (no gloves)
Will    .....                   (no boots)
Stlth   ..........              y - amulet of guardian spirit
HPRegen 0.16/turn               l - ring of flight
MPRegen 0.11/turn               (no ring)

@: flying
A: permanent stasis, dig shafts and tunnels, antennae 3, four strong arms
a: Dig, Shaft Self, Renounce Religion, Depart the Abyss, Bend Space, Banish,
Corrupt


You were on level 4 of the Dungeon.
You worshipped Lugonu.
Lugonu was greatly pleased with you.
You visited 1 branch of the dungeon, and saw 4 of its levels.
You visited the Abyss 1 time.

You collected 103 gold pieces.

Inventory:

Hand Weapons
 a - a +1 spear (weapon)
 m - a +0 whip of venom
 q - a +2 dagger of flaming
 w - a +2 sling of freezing
Armour
 d - a +0 ring mail
 o - a +0 cloak (worn)
 s - a +0 chain mail (worn)
Magical Staves
 A - a staff of air
Jewellery
 l - a ring of flight (left hand)
 y - an amulet of guardian spirit (around neck)
 C - a ring of ice
 E - an amulet of magic regeneration
Scrolls
 f - 4 scrolls of identify {unknown}
 g - a scroll of enchant weapon {unknown}
 h - a scroll of enchant armour {unknown}
 i - 2 scrolls of silence {unknown}
 k - a scroll of magic mapping {unknown}
 n - 3 scrolls of teleportation {unknown}
 u - a scroll of amnesia {unknown}
 v - a scroll of torment {unknown}
 x - a scroll of noise {unknown}
 z - a scroll of fear {unknown}
 D - a scroll of immolation {unknown}
Potions
 b - 2 potions of lignification {unknown}
 c - a potion of magic {unknown}
 e - 2 potions of might {unknown}
 j - 3 potions of curing {unknown}
 p - 2 potions of attraction {unknown}
 r - a potion of flight {unknown}
 t - a potion of haste {unknown}
 B - a potion of experience {unknown}
 F - a potion of brilliance {unknown}


   Skills:
 + Level 4.4 Fighting
 - Level 2.0 Polearms
 * Level 5.4 Armour
 - Level 1.7 Dodging
 + Level 3.8 Invocations


You had 5 spell levels left.
You didn't know any spells.
Your spell library contained the following spells:

 Spells                   Type           Power      Damage    Failure   Level
 Magic Dart               Conj           0%         1d3       99%         1
 Call Imp                 Summ           0%         N/A       100%        2
 Sublimation of Blood     Necr           0%         N/A       100%        2
 Wereblood                Tmut           0%         N/A       100%        2
 Gell's Gravitas          Tloc           0%         N/A       100%        3
 Mephitic Cloud           Conj/Pois/Air  0%         N/A       100%        3
 Teleport Other           Tloc           0%         N/A       100%        3
 Tukima's Dance           Hex            0%         N/A       100%        3
 Passage of Golubria      Tloc           0%         N/A       100%        4
 Yara's Violent Unravell  Hex/Tmut       0%         3d3       100%        5
 Dispersal                Tloc           0%         N/A       100%        6
 Summon Hydra             Summ           0%         N/A       100%        7


Dungeon Overview and Level Annotations

Branches:
Dungeon (4/15)
 Temple: D:4-7

Altars:
Okawaru

Shops:
D:1 :   D:2 =


Innate Abilities, Weirdness & Mutations

You cannot be hasted, slowed, berserked, paralysed or teleported.
You can dig through walls and to a lower floor.
You have a pair of large antennae on your head. (SInv)
Your four strong arms can wield two-handed weapons with a shield.


Message History

You bump into the rock wall.
The orc wizard gestures at you while chanting.
The magic dart hits you.
The orc priest calls down the wrath of Beogh upon you.
Beogh smites you!
You bump into the rock wall.
The orc wizard hits you but does no damage.
You hit the orc wizard.
The orc wizard is almost dead.
The orc wizard hits you but does no damage.
You bump into the rock wall.
The orc wizard hits you but does no damage.
The orc priest invokes the aid of Beogh against you.
Beogh smites you!
* * * LOW HITPOINT WARNING * * *
You bump into the rock wall.
The orc wizard hits you with a +0 dagger.
* * * LOW HITPOINT WARNING * * *
You bump into the rock wall.
The orc wizard gestures at you while chanting.
The puff of flame hits you but does no damage.
You barely miss the orc wizard.
The orc wizard is almost dead.
The orc wizard hits you but does no damage.
You bump into the rock wall.
You feel less confused.
The orc wizard hits you with a +0 dagger.
* * * LOW HITPOINT WARNING * * *
You don't have enough magic at the moment.
You barely miss the orc wizard.
The orc wizard is almost dead.
The orc wizard hits you but does no damage.
Unknown command.
Okay, then.
You hit the orc wizard.
You kill the orc wizard!
Lugonu accepts your kill.
The orc priest calls down the wrath of Beogh upon you.
Beogh smites you!
You die...

.......######...........#
.....[.# ###########.#
...(...# #.# .....).# #.#
.......# #.# .......# #.#
.......# #.# .......#
##########.# .......#
#oo@.......# <#######
#.########.# ######## #{#
#.# ....... ... #.#
.....# ....? #.# .....#
o...... #.# .....#
.###.#### #.#
.....##+######.# .#
.............#.#


You could see an orc priest and an orc.

Vanquished Creatures
  A bullfrog (D:4)
  A jelly (D:4)
  An iguana (D:4)
  2 orc wizards (D:4)
  6 adders
  4 dart slugs
  7 orcs (D:3)
  11 bats
  9 endoplasms
  2 giant cockroaches
  6 hobgoblins
  5 jackals
  2 quokkas
  6 ball pythons
  A frilled lizard (D:1)
  7 goblins
  10 kobolds
  8 rats
89 creatures vanquished.

Vanquished Creatures (others)
  8 plants (D:2)
8 creatures vanquished.

Grand Total: 97 creatures vanquished

Notes
Turn   | Place    | Note
-------+----------+-------------------------------------------
     0 | Abyss:1  | keekatzer the Formicid Abyssal Knight began the quest for
                  | the Orb.
     0 | Abyss:1  | Reached XP level 1. HP: 18/18 MP: 2/2
     0 | Abyss:1  | Found a corrupted altar of Lugonu.
    23 | Abyss:1  | Found a corrupted altar of Lugonu.
    23 | Abyss:1  | Noticed a goliath frog
    29 | D:1      | Escaped the Abyss
   186 | D:1      | Reached XP level 2. HP: 24/24 MP: 3/3
   216 | D:1      | Reached skill level 3 in Armour
   426 | D:1      | Found Vupt's Vocational Training.
   651 | D:1      | Reached XP level 3. HP: 29/29 MP: 4/4
   897 | D:2      | Found Owamp's Jewellery Shop.
   910 | D:2      | Reached skill level 4 in Armour
   955 | D:2      | Reached skill level 1 in Dodging
   980 | D:2      | Reached *** piety under Lugonu
  1043 | D:2      | Reached XP level 4. HP: 9/35 MP: 3/5
  1617 | D:3      | Reached XP level 5. HP: 27/42 MP: 7/7
  1627 | D:3      | Found a faded altar of an unknown god.
  1939 | D:3      | Reached **** piety under Lugonu
  2014 | D:4      | Noticed a bullfrog
  2028 | D:4      | Killed a bullfrog
  2029 | D:4      | Reached XP level 6. HP: 40/48 MP: 6/8
  2100 | D:4      | Found an iron altar of Okawaru.
  2162 | D:4      | Reached skill level 5 in Armour
  2735 | D:4      | Killed from afar by an orc priest

Illustrated notes

Levels and vault maps discovered:
D:1:      giann_horns, layout_basic, st_stairs_7, nicolae_shop_vocational
D:2:      layout_rooms, serial_shops, nicolae_shop_stone, serial_bayou_lagoon_b
D:3:      layout_basic, nicolae_ecumenical_lake_church, st_stairs_8
D:4:      layout_basic, lemuel_round_altar

Skill      XL: |  1  2  3  4  5  6 |
---------------+-------------------+-----
Armour         | 3 4 5 |  5.4
Dodging        | 1 |  1.7
Invocations    | 3 |  3.8
Fighting       | 4 |  4.4
Polearms       | |  2.0

Action                   |  1- 3 |  4- 6 || total
-------------------------+-------+-------++-------
Melee: Spear             |   102 |   220 ||   322
       Whip              |     4 |       ||     4
       Punch             |     2 |     2 ||     4
Invok: Depart the Abyss  |     1 |       ||     1
       Bend Space        |     1 |       ||     1
 Abil: Dig               |     1 |       ||     1
Armor: Leather armour    |     1 |       ||     1
       Ring mail         |    45 |     1 ||    46
       Chain mail        |       |    90 ||    90
Dodge: Dodged            |    42 |    54 ||    96
